 Dungeon Crawl Stone Soup version 0.27-a0-1200-g94dc6ad4cf (webtiles) character file.

Game seed: 8372896254839008970

2232 Gargoyl the Skirmisher (level 9, 0/74 HPs)
             Began as a Gnoll Abyssal Knight on May 30, 2021.
             Was a Priest of Lugonu.
             Succumbed to a hornet's poison
             ... on level 7 of the Dungeon.
             The game lasted 00:08:30 (6608 turns).

Gargoyl the Skirmisher (Gnoll Abyssal Knight)       Turns: 6608, Time: 00:08:32

Health: 0/74       AC: 15    Str: 20    XL:     9   Next: 36%
Magic:  15/15      EV: 13    Int: 13    God:    Lugonu [***...]
Gold:   440        SH:  0    Dex: 11    Spells: 16/16 levels left

rFire    . . .     SeeInvis .   d - +4 hand axe (flame)
rCold    . . .     Faith    .   (no shield)
rNeg     . . .     Spirit   .   c - +1 chain mail
rPois    .         Reflect  .   (no helmet)
rElec    .         Harm     .   h - +2 cloak
rCorr    .         Rampage  .   (no gloves)
Will     .....                  q - +0 pair of boots
Stlth    ..........             b - amulet of the acrobat
HPRegen  0.22/turn              m - +4 ring of evasion
MPRegen  0.14/turn              t - +6 ring of strength

@: lethally poisoned (0 -> -6), marked, slowed, very slow
A: fangs 1, strong nose, distributed training
a: Renounce Religion, Depart the Abyss, Bend Space, Banish


You were on level 7 of the Dungeon.
You worshipped Lugonu.
Lugonu was most pleased with you.
You visited 1 branch of the dungeon, and saw 8 of its levels.
You visited the Abyss 1 time.

You collected 440 gold pieces.

Inventory:

Hand Weapons
 a - a +1 hand axe of chaos
 d - a +4 hand axe of flaming (weapon)
 s - a +3 trident of protection
Missiles
 o - 40 poisoned darts (quivered)
 w - 3 throwing nets
Armour
 c - a +1 chain mail (worn)
 h - a +2 cloak (worn)
 q - a +0 pair of boots (worn)
Jewellery
 b - an amulet of the acrobat (around neck)
 g - a ring of flight
 j - a ring of see invisible
 m - a +4 ring of evasion (left hand)
 t - a +6 ring of strength (right hand)
Wands
 i - a wand of polymorph (2)
 u - a wand of flame (19)
Scrolls
 e - 3 scrolls of identify
 f - a scroll of fog
 n - 3 scrolls of teleportation
 p - 2 scrolls of fear
Potions
 k - a potion of curing
 l - 2 potions of might
 r - 2 potions of cancellation
 v - a potion of brilliance


   Skills:
 + Level 7.8 Fighting
 + Level 4.1 Short Blades
 + Level 4.1 Long Blades
 + Level 6.2 Axes
 + Level 4.1 Maces & Flails
 + Level 4.1 Polearms
 + Level 4.1 Staves
 + Level 4.1 Slings
 + Level 4.1 Bows
 + Level 4.1 Crossbows
 + Level 4.1 Throwing
 + Level 6.2 Armour
 + Level 5.0 Dodging
 + Level 4.1 Stealth
 + Level 4.1 Shields
 + Level 4.1 Unarmed Combat
 + Level 4.1 Spellcasting
 + Level 3.4 Conjurations
 + Level 3.4 Hexes
 + Level 3.4 Summonings
 + Level 3.4 Necromancy
 + Level 3.4 Translocations
 + Level 3.4 Transmutations
 + Level 3.4 Fire Magic
 + Level 3.4 Ice Magic
 + Level 3.4 Air Magic
 + Level 3.4 Earth Magic
 + Level 3.4 Poison Magic
 + Level 6.5 Invocations
 + Level 4.1 Evocations


You had 16 spell levels left.
You didn't know any spells.
Your spell library was empty.

Dungeon Overview and Level Annotations

Branches:
Dungeon (8/15)             Temple (0/1) D:7
   Lair: D:8-11

Altars:
Cheibriados
Elyvilon
Fedhas
Kikubaaqudgha
Zin

Shops:
D:2 :   D:4 :   D:7 :


Innate Abilities, Weirdness & Mutations

You have very sharp teeth.
Your uncanny sense of smell can sniff out nearby items.
Your experience applies equally to all skills.


Message History

You suddenly lose the ability to move!
The bullfrog hits you but does no damage.
An orc comes into view. It is wielding a +0 flail.
The hornet stings you.
You are more poisoned.
You shrug off the repeated paralysis!
An orc comes into view. It is wielding a +0 dagger.
The bullfrog hits you.
You feel very sick.
The hornet stings you but does no damage.
The bullfrog hits you but does no damage.
The hornet stings you.
You feel as though you will be slow longer.
You feel very sick. The bullfrog hits you. The hornet stings you.
You feel as though you will be slow longer.
A steam dragon comes into view.
The bullfrog hits you but does no damage.
A wight comes into view. It is wielding a +3 scimitar.
You can move again.
You feel very sick. The hornet completely misses you. x2
You feel very sick. The steam dragon breathes steam at you.
The ball of steam misses you. The hornet completely misses you.
There is a stone staircase leading up here.
You are engulfed in a cloud of scalding steam.
* * * LOW HITPOINT WARNING * * *
x2 You feel very sick.
The hornet stings you but does no damage.
The steam dragon bites you but does no damage.
The steam dragon closely misses you. The bullfrog barely misses you.
The hornet stings you but does no damage.
The steam dragon breathes steam at you. The ball of steam hits you.
* * * LOW HITPOINT WARNING * * *
The bullfrog closely misses you.
You climb upwards.
Reactivating autopickup.
You die...

..............#..#.....#.#
.#............#..#######.#
.####.........#..# #.#
....#.........#..# #.#
###.#.........+..# #.#
#.#.........##.# #.#
###.#.........##.# #.#
#...#.........##y# #.#
#.#.#.##########@# #.#
#.....# #F#######.#
####### #D........#
#.######### #.# #.# #.#
#.####### #.#<...(#


You could see a hornet, a steam dragon (catching breath) and a bullfrog.

Vanquished Creatures
  A moth of wrath (D:8)
  A yak (D:6)
  An acid dragon (D:8)
  2 ice beasts (D:7)
  2 necrophages
  2 ogres
  2 centaurs
  A phantom (D:5)
  A kobold brigand (D:6)
  Blork the orc (D:6)
  A bullfrog (D:7)
  A wyvern zombie (D:6)
  2 water moccasin skeletons
  A jelly (D:8)
  2 orc priests (D:3)
  A centaur zombie (D:5)
  A bullfrog skeleton (D:4)
  2 hounds
  3 iguanas
  6 adders
  2 ufetubi
  3 worms
  2 dart slugs (D:1)
  8 orcs
  8 endoplasms
  4 giant cockroaches
  7 goblins
  11 hobgoblins
  9 jackals
  3 quokkas
  3 ball pythons
  A bat (D:1)
  4 frilled lizards
  7 kobolds
  14 rats
120 creatures vanquished.

Notes
Turn   | Place    | Note
-------+----------+-------------------------------------------
     0 | Abyss:1  | Gargoyl the Gnoll Abyssal Knight began the quest for the
                  | Orb.
     0 | Abyss:1  | Reached XP level 1. HP: 23/23 MP: 3/3
   135 | Abyss:3  | Noticed a freezing wraith
   145 | Abyss:3  | Noticed a small abomination
   158 | Abyss:3  | Noticed an orange crystal statue
   160 | Abyss:3  | Noticed an ancient zyme
   162 | Abyss:3  | Noticed a starcursed mass
   163 | Abyss:3  | Noticed a starcursed mass
   163 | Abyss:3  | Noticed a white very ugly thing
   163 | Abyss:3  | Noticed a neqoxec
   163 | Abyss:3  | Noticed a neqoxec
   163 | Abyss:3  | Noticed a glowing orange brain
   163 | Abyss:3  | Noticed a neqoxec
   163 | Abyss:3  | Noticed a neqoxec
   195 | Abyss:3  | Noticed an efreet
   198 | D:1      | Escaped the Abyss
   350 | D:1      | Reached XP level 2. HP: 29/29 MP: 5/5
   456 | D:1      | Reached * piety under Lugonu
   524 | D:1      | Reached XP level 3. HP: 27/35 MP: 6/6
  1209 | D:2      | Reached skill level 1 in Short Blades
  1209 | D:2      | Reached skill level 1 in Long Blades
  1209 | D:2      | Reached skill level 1 in Maces & Flails
  1209 | D:2      | Reached skill level 1 in Polearms
  1209 | D:2      | Reached skill level 1 in Staves
  1209 | D:2      | Reached skill level 1 in Slings
  1209 | D:2      | Reached skill level 1 in Bows
  1209 | D:2      | Reached skill level 1 in Crossbows
  1209 | D:2      | Reached skill level 1 in Throwing
  1209 | D:2      | Reached skill level 1 in Stealth
  1209 | D:2      | Reached skill level 1 in Shields
  1209 | D:2      | Reached skill level 1 in Unarmed Combat
  1209 | D:2      | Reached skill level 1 in Spellcasting
  1209 | D:2      | Reached skill level 1 in Evocations
  1209 | D:2      | Reached XP level 4. HP: 41/41 MP: 7/7
  1617 | D:2      | Found Baack's Book Emporium.
  1904 | D:2      | Reached ** piety under Lugonu
  1905 | D:2      | Reached skill level 1 in Conjurations
  1905 | D:2      | Reached skill level 1 in Hexes
  1905 | D:2      | Reached skill level 1 in Summonings
  1905 | D:2      | Reached skill level 1 in Necromancy
  1905 | D:2      | Reached skill level 1 in Translocations
  1905 | D:2      | Reached skill level 1 in Transmutations
  1905 | D:2      | Reached skill level 1 in Fire Magic
  1905 | D:2      | Reached skill level 1 in Ice Magic
  1905 | D:2      | Reached skill level 1 in Air Magic
  1905 | D:2      | Reached skill level 1 in Earth Magic
  1905 | D:2      | Reached skill level 1 in Poison Magic
  2495 | D:3      | Found a faded altar of an unknown god.
  2497 | D:3      | Reached XP level 5. HP: 47/47 MP: 8/8
  3054 | D:4      | Found an ancient bone altar of Kikubaaqudgha.
  3155 | D:4      | Reached skill level 5 in Invocations
  3202 | D:4      | Reached XP level 6. HP: 53/53 MP: 9/9
  3409 | D:4      | Reached skill level 5 in Axes
  3409 | D:4      | Reached skill level 5 in Armour
  3502 | D:4      | Found Ohan's Book Emporium.
  3843 | D:5      | Entered Level 5 of the Dungeon
  3871 | D:5      | Found a snail-covered altar of Cheibriados.
  3876 | D:5      | Found a blossoming altar of Fedhas.
  3876 | D:5      | Found a white marble altar of Elyvilon.
  3917 | D:5      | Reached XP level 7. HP: 41/59 MP: 10/10
  3924 | D:5      | Reached *** piety under Lugonu
  3925 | D:5      | Reached skill level 7 in Fighting
  4644 | D:6      | Found a glowing silver altar of Zin.
  4801 | D:6      | Noticed Blork the orc
  4809 | D:6      | Killed Blork the orc
  4896 | D:6      | Noticed a yak
  4913 | D:6      | Killed a yak
  4914 | D:6      | Reached XP level 8. HP: 32/67 MP: 12/12
  6191 | D:7      | Found a staircase to the Ecumenical Temple.
  6259 | D:7      | Reached XP level 9. HP: 73/73 MP: 14/14
  6392 | D:7      | Found Xerhar's Book Emporium.
  6558 | D:8      | Noticed Harold
  6564 | D:8      | Noticed Harold
  6564 | D:8      | Harold changed into Harold the moth of wrath
  6570 | D:8      | Killed Harold the moth of wrath
  6571 | D:8      | Reached skill level 5 in Dodging
  6597 | D:8      | Noticed a hornet
  6602 | D:8      | Paralysed by a hornet for 3 turns
  6607 | D:8      | HP: 2/74 [steam dragon/ball of steam (5)]
  6608 | D:7      | Succumbed to a hornet's poison

Illustrated notes

Levels and vault maps discovered:
D:1:      giann_bridges, layout_basic, minmay_rat_gold_closets
D:2:      layout_basic, serial_shops, nicolae_shop_window_shopping
D:3:      layout_loops_ring, ebering_ecumenical_altar_abandoned
D:4:      layout_loops_cross, lemuel_round_altar, serial_shops,
          nicolae_shop_window_shopping
D:5:      layout_basic, grunt_temple_overflow_open
D:6:      layout_loops_corners, zin_statuary, minmay_misc_feat_doors,
          corexii_corridor_pit, dk_noncrumbling_4, minivault_11,
          minmay_parallelograms, kennysheep_generic_room_6, uniq_blork_the_orc
D:7:      layout_basic, minmay_temple_entry_grid, serial_shops,
          kennysheep_little_box
D:8:      layout_loops_ring, amethyst_killhole, minmay_fractal_squares_5,
          uniq_harold

Skill      XL: |  1  2  3  4  5  6  7  8  9 |
---------------+----------------------------+-----
Short Blades   | 1 2 3 4 |  4.1
Long Blades    | 1 2 3 4 |  4.1
Maces & Flails | 1 2 3 4 |  4.1
Polearms       | 1 2 3 4 |  4.1
Staves         | 1 2 3 4 |  4.1
Slings         | 1 2 3 4 |  4.1
Bows           | 1 2 3 4 |  4.1
Crossbows      | 1 2 3 4 |  4.1
Throwing       | 1 2 3 4 |  4.1
Stealth        | 1 2 3 4 |  4.1
Shields        | 1 2 3 4 |  4.1
Unarmed Combat | 1 2 3 4 |  4.1
Spellcasting   | 1 2 3 4 |  4.1
Evocations     | 1 2 3 4 |  4.1
Conjurations   | 1 2 3 |  3.4
Hexes          | 1 2 3 |  3.4
Summonings     | 1 2 3 |  3.4
Necromancy     | 1 2 3 |  3.4
Translocations | 1 2 3 |  3.4
Transmutations | 1 2 3 |  3.4
Fire Magic     | 1 2 3 |  3.4
Ice Magic      | 1 2 3 |  3.4
Air Magic      | 1 2 3 |  3.4
Earth Magic    | 1 2 3 |  3.4
Poison Magic   | 1 2 3 |  3.4
Dodging        | 3 4 5 |  5.0
Invocations    | 5 6 |  6.5
Axes           | 5 6 |  6.2
Armour         | 5 6 |  6.2
Fighting       | 7 |  7.8

Action                   |  1- 3 |  4- 6 |  7- 9 || total
-------------------------+-------+-------+-------++-------
Melee: Hand axe          |    64 |   166 |   137 ||   367
       Bite              |     1 |    15 |    19 ||    35
       Punch             |       |     2 |     2 ||     4
Throw: Dart              |       |     4 |    13 ||    17
Invok: Depart the Abyss  |     1 |       |       ||     1
Evoke: Wand              |       |       |     5 ||     5
  Use: Scroll            |     3 |     7 |     8 ||    18
       Potion            |     1 |       |       ||     1
Armor: Chain mail        |    52 |    87 |    95 ||   234
Dodge: Dodged            |    16 |    34 |    92 ||   142

Table legend: (Time is in decaauts)
 A = Elapsed time spent in this place.
 B = Non-inter-level travel time spent in this place.
 C = Inter-level travel time spent in this place.
 D = Time resting spent in this place.
 E = Time spent auto-exploring this place.
 F = Levels seen in this place.
 G = Mean time per level.
                   A        B        C        D        E       F      G
               +--------+--------+--------+--------+--------+-----+--------+
         Total |   6628 |   6537 |     91 |    147 |   5225 |  11 |  602.5 |
       Dungeon |   6431 |   6340 |     91 |    147 |   5130 |   8 |  803.9 |
         Abyss |    196 |    196 |      0 |      0 |     95 |   3 |   65.3 |
               +--------+--------+--------+--------+--------+-----+--------+

Top non-repeatable levels by time:
     D:6: 1200 daAuts
     D:3: 988 daAuts
     D:2: 948 daAuts
     D:1: 879 daAuts
     D:4: 842 daAuts
     D:7: 722 daAuts
     D:5: 675 daAuts
     D:8: 175 daAuts
 Abyss:3: 84 daAuts
 Abyss:1: 67 daAuts
 Abyss:2: 45 daAuts
